 Dungeon Crawl Stone Soup version 0.18.1-8-gdd0e5ea (webtiles) character file.

86 Implojin the Insei (level 4, -2/35 HPs)
             Began as a Mummy Monk on May 22, 2016.
             Slain by a gnoll
             ... wielding a +0 halberd
              (13 damage)
             ... on level 3 of the Dungeon.
             The game lasted 00:07:59 (4091 turns).

Implojin the Insei (Mummy Monk)                     Turns: 4091, Time: 00:07:59

Health: -2/35      AC:  0    Str: 14    XL:     4   Next: 27%
Magic:  4/4        EV:  8    Int:  9    God:
Gold:   76         SH:  0    Dex: 21    Spells: 0 memorised, 3 levels left

rFire  x . .     SeeInvis .       - Unarmed
rCold  + . .     Gourm    .     (no armour)
rNeg   + + +     Faith    .     (no shield)
rPois  ∞         Spirit   .     (no helmet)
rElec  .         Dismiss  .     (no cloak)
rCorr  .         Reflect  .     (no gloves)
SustAt .         Harm     .     (no boots)
MR     .....                    (no amulet)
Stlth  ++........               (no ring)
                                b - +6 ring of dexterity {waow}

@: not resistant to hostile enchantments, unstealthy
A: no food or potions, fire vulnerability, cold resistance 1, negative energy
resistance 3, torment resistance, unbreathing
a: no special abilities


You were on level 3 of the Dungeon.
You were not hungry.

You visited 1 branch of the dungeon, and saw 3 of its levels.

You collected 76 gold pieces.

Inventory:

Jewellery
 a - an uncursed ring of flight
 b - a +6 ring of dexterity (left hand) {waow}
 d - an uncursed amulet of regeneration {unknown}
Scrolls
 c - a scroll of immolation
 e - a scroll of magic mapping
 f - a scroll of remove curse {unknown}
 g - a scroll of blinking {unknown}
 i - a scroll of teleportation {unknown}
Comestibles
 h - a bread ration


   Skills:
 - Level 3.0 Fighting
 - Level 2.4 Dodging
 - Level 1.5 Stealth
 * Level 4.8 Unarmed Combat


You had 3 spell levels left.
You didn't know any spells.

Dungeon Overview and Level Annotations

Branches:
Dungeon (3/15)

Altars:
Ashenzari

Annotations:
D:1 terence parked come back, Terence


Innate Abilities, Weirdness & Mutations

You do not eat or drink.
Your flesh is vulnerable to fire.
You are immune to poison.
Your flesh is cold resistant.
You are immune to negative energy.
You are immune to unholy pain and torment.
You can survive without breathing.


Message History

Done exploring.
Done exploring.
(D) Dungeon
Where to? (Enter - D:2, ? - help)
You see here 2 stones.
The ooze is too close now for your liking.
The ooze quivers.
You hit the ooze.
The ooze is moderately wounded.
The ooze hits you.
You hit the ooze.
The ooze is severely wounded.
The ooze closely misses you.
You hit the ooze.
You kill the ooze!
You start resting.
HP restored.
(D) Dungeon
Where to? (Enter - D:3, ? - help)
There is a stone staircase leading down here.
You climb downwards.
A giant cockroach and 3 gnolls come into view.
Found four items.
There is a stone staircase leading up here.
The gnoll shouts!
The gnoll moves out of view.
The gnoll shouts!
An orc priest and an orc wizard come into view. 2 orcs come into view.
The orc priest shouts!
The orc shouts!
The orc wizard shouts!
The gnoll barely misses you.
The orc priest calls down the wrath of Beogh upon you.
Beogh smites you! The gnoll misses you.
A rat comes into view.
The orc priest mumbles some strange prayers to Beogh against you.
Beogh smites you!
* * * LOW HITPOINT WARNING * * *
The gnoll hits you from afar with a halberd!
You die...

... ...#.....
.r.. ........#
..o.##..#....#
#.oo...(.....##
...o.........$.
.....s.......##
.....g.........
#g@#
#....g.........
....##.....?...
... #.####..#.
. #. ... #( ..
#. . #.


You could see an orc priest, an orc wizard, 3 gnolls, 2 orcs, a giant cockroach
and a rat (wandering).

Vanquished Creatures
  2 adders (D:2)
  An ooze (D:2)
  2 dart slugs (D:1)
  2 giant geckos (D:2)
  5 bats
  3 giant cockroaches
  7 goblins
  9 hobgoblins
  A quokka (D:2)
  8 giant newts
  14 kobolds
  4 rats
58 creatures vanquished.

Notes
Turn   | Place    | Note
--------------------------------------------------------------
     0 | D:1      | Implojin the Mummy Monk began the quest for the Orb.
     0 | D:1      | Reached XP level 1. HP: 18/18 MP: 1/1
   285 | D:1      | Reached XP level 2. HP: 14/24 MP: 2/2
  1349 | D:1      | Reached skill level 4 in Unarmed Combat
  1857 | D:2      | Reached XP level 3. HP: 19/29 MP: 3/3
  2094 | D:2      | Noticed Terence
  3541 | D:2      | Reached XP level 4. HP: 29/35 MP: 4/4
  4002 | D:2      | Found a shattered altar of Ashenzari.
  4091 | D:3      | Slain by a gnoll

Skill      XL: |  1  2 |
---------------+-------+-----
Unarmed Combat | 4 |  4.8
Fighting       | |  3.0
Dodging        | |  2.4
Stealth        | |  1.5

Action                   |  1- 3 |  4- 6 || total
-------------------------+-------+-------++-------
Melee: Unarmed           |   177 |    22 ||   199
       Punch             |     1 |     1 ||     2
  Use: Scroll            |     2 |       ||     2
 Stab: Sleeping          |     5 |       ||     5
       Distracted        |     1 |       ||     1
Dodge: Dodged            |   105 |    16 ||   121

Table legend:
 A = Turns spent in this place as a percentage of turns spent in the entire game.
 B = Non-inter-level travel turns spent in this place as a percentage of non-inter-level travel turns spent in the entire game.
 C = Inter-level travel turns spent in this place as a percentage of turns spent in this place.
 D = Turns resting spent in this place as a percentage of non-inter-level travel turns spent in this place.
 E = Turns spent auto-exploring this place as a percentage of non-inter-level travel turns spent in this place.
 F = Non-inter-level travel turns spent in this place divided by the number of levels of this place that you've seen.
                   A       B       C       D       E      F
               +-------+-------+-------+-------+-------+----------------------
         Total | 100.0 | 100.0 |   0.5 |   5.1 |   4.1 | 429.0
       Dungeon | 100.0 | 100.0 |   0.5 |   5.1 |   4.1 | 429.0
               +-------+-------+-------+-------+-------+----------------------

Table legend:
 A = Kills in this place as a percentage of kills in entire the game.
 B = Kills by you in this place as a percentage of kills by you in the entire game.
 C = Kills by friends in this place as a percentage of kills by friends in the entire game.
 D = Other kills in this place as a percentage of other kills in the entire game.
 E = Experience gained in this place as a percentage of experience gained in the entire game.
 F = Experience gained in this place divided by the number of levels of this place that you have seen.
                   A       B       C       D       E      F
               +-------+-------+-------+-------+-------+----------------------
         Total | 100.0 | 100.0 |  -nan |  -nan | 100.0 |  41.3
       Dungeon | 100.0 | 100.0 |  -nan |  -nan | 100.0 |  41.3
               +-------+-------+-------+-------+-------+----------------------
